 Dungeon Crawl Stone Soup version 0.25.1-8-g42b30a86e7 (webtiles) character file.

Game seed: 6858380811477821423

44 Destapler the Firebug (level 3, -3/19 HPs)
             Began as a Deep Elf Fire Elementalist on Dec 19, 2020.
             Hit by a boomerang thrown by an orc (7 damage)
             ... on level 3 of the Dungeon.
             The game lasted 00:09:27 (979 turns).

Destapler the Firebug (Deep Elf Fire Elementalist)   Turns: 979, Time: 00:09:27

Health: -3/19      AC:  2    Str:  5    XL:     3   Next: 41%
Magic:  7/9        EV: 13    Int: 20    God:
Gold:   118        SH:  4    Dex: 15    Spells: 7/8 levels left

rFire    . . .     SeeInvis .   a - +0 dagger (elec)
rCold    . . .     Gourm    .   e - +0 buckler (curse)
rNeg     . . .     Faith    .   r - +0 robe
rPois    .         Spirit   .   (no helmet)
rElec    .         Reflect  .   (no cloak)
rCorr    .         Harm     .   (no gloves)
MR       .....                  (no boots)
Stlth    ++........             (no amulet)
HPRegen  0.06/turn              (no ring)
MPRegen  0.11/turn              (no ring)

@: no status effects
A: no striking features
a: no special abilities


You were on level 3 of the Dungeon.
You were not hungry.

You visited 1 branch of the dungeon, and saw 3 of its levels.

You collected 118 gold pieces.

Inventory:

Hand Weapons
 a - a +0 dagger of electrocution (weapon)
 m - a +1 vampiric dagger
Missiles
 k - 2 boomerangs (quivered)
Armour
 e - a cursed +0 buckler (worn)
 r - a +0 robe (worn)
Wands
 d - a wand of clouds (4)
Scrolls
 b - a scroll of remove curse {unknown}
 f - a scroll of amnesia {unknown}
 h - 2 scrolls of teleportation {unknown}
 i - a scroll of fear {unknown}
 j - 2 scrolls of identify {unknown}
 l - 2 scrolls of enchant weapon {unknown}
 p - a scroll of enchant armour {unknown}
Potions
 g - a potion of haste
 o - a potion of curing {unknown}
Comestibles
 c - 7 rations
 n - 2 chunks of flesh


   Skills:
 + Level 2.9 Dodging
 + Level 3.0 Stealth
 * Level 1.1 Shields
 + Level 3.3 Spellcasting
 + Level 1.6 Conjurations
 + Level 3.5 Fire Magic


You had 7 spell levels left.
You knew the following spells:

 Your Spells              Type           Power        Failure   Level  Hunger
a - Foxfire               Conj/Fire      ##..         7%          1    None

Your spell library contained the following spells:

 Spells                   Type           Power        Failure   Level  Hunger
 Conjure Flame            Conj/Fire      ##......     21%         3    ###....
 Inner Flame              Hex/Fire       ##......     28%         3    ###....
 Sticky Flame             Conj/Fire      ##......     54%         4    ####...
 Fireball                 Conj/Fire      ##........   88%         5    ######.


Dungeon Overview and Level Annotations

Branches:
Dungeon (2/15)

Altars:


Message History

A goblin comes into view. It is wielding a +0 dagger.
Casting: Foxfire (safe; 7% risk of failure)
Confirm with . or Enter, or press ? or * to list all spells.
You conjure some foxfire!
The foxfire hits the worm.
The worm is moderately wounded.
The foxfire hits the worm.
The worm is heavily wounded.
Found a scroll labeled MIDWENK HEALY.
p - a scroll labeled TOG AHIMEKOST
There are no items here.
You see here an orc corpse.
You butcher the orc corpse.
n - 2 chunks of flesh (gained 1)
You see here an orc skeleton.
The orc throws a boomerang.
The boomerang hits you.
* * * LOW HITPOINT WARNING * * *
The weapon returns to the orc!
Found 11 gold pieces.
The orc throws a boomerang.
The boomerang hits you!
You die...

#.............. #.
#.............. #.#
#.............. $.
#...........^..
#.###..............
..####.######'#### #.#
#.# #........
#########.## #.#
#........ ..........@.#
#.# #......(.
......?...#.###.#
####'####
..........#..##.# #....#
..........##.##.# #....#
..........##o.#.###....#
........w.............(#
..........###.รท.###...##
........### ##..# #####
#######.# #..#


You could see a worm and an orc.

Vanquished Creatures
  2 oozes
  An orc (D:3)
  2 bats (D:1)
  2 giant cockroaches
  7 goblins
  3 hobgoblins (D:1)
  3 jackals (D:1)
  A quokka (D:3)
  3 frilled lizards
  4 kobolds
  5 rats
33 creatures vanquished.

Vanquished Creatures (others)
  52 foxfires
52 creatures vanquished.

Grand Total: 85 creatures vanquished

Notes
Turn   | Place    | Note
-------+----------+-------------------------------------------
     0 | D:1      | Destapler the Deep Elf Fire Elementalist began the quest
                  | for the Orb.
     0 | D:1      | Reached XP level 1. HP: 10/10 MP: 6/6
   145 | D:1      | Reached XP level 2. HP: 15/15 MP: 5/8
   424 | D:1      | Reached skill level 1 in Shields
   568 | D:1      | Reached XP level 3. HP: 19/19 MP: 7/9
   866 | D:2      | You fall into a shaft and drop 1 floor!
   979 | D:3      | Hit by a boomerang thrown by an orc

Illustrated notes

Levels and vault maps discovered:
D:1:      doesnt_arrival_eight_statues, layout_rooms
D:2:      layout_loops_ring, chequers_ecumenical_altar_simple, first_ration,
          nicolae_ru_the_path_less_chosen
D:3:      layout_basic, glass_columns_c

Skill      XL: |  1  2  3 |
---------------+----------+-----
Shields        | 1 |  1.1
Stealth        | 3 |  3.0
Dodging        | |  2.9
Spellcasting   | |  3.3
Conjurations   | |  1.6
Fire Magic     | |  3.5

Action                   || total
-------------------------++-------
Melee: Dagger            ||    43
       Unarmed           ||     1
 Cast: Foxfire           ||    32
 Stab: Sleeping          ||     3
Armor: Robe              ||     5
Dodge: Dodged            ||    20
Block: Buckler           ||     7
